 Dungeon Crawl Stone Soup version 0.23.2 (webtiles) character file.

Game seed: 17797382596501986184

56 Arkr0n55 the Conjurer (level 3, 0/26 HPs)
             Began as a Demigod Conjurer on June 22, 2019.
             Succumbed to an adder's poison
             ... on level 2 of the Dungeon.
             The game lasted 00:11:31 (1892 turns).

Arkr0n55 the Conjurer (Demigod Conjurer)            Turns: 1892, Time: 00:11:32

Health: 0/26       AC:  4    Str: 11    XL:     3   Next: 48%
Magic:  2/8        EV: 13    Int: 21    God:
Gold:   57         SH:  0    Dex: 16    Spells: 5/6 levels left

rFire    . . .     SeeInvis .   b - +0 dagger
rCold    . . .     Gourm    .   (no shield)
rNeg     . . .     Faith    .   a - +0 robe
rPois    .         Spirit   .   (no helmet)
rElec    .         Reflect  .   (no cloak)
rCorr    .         Harm     .   (no gloves)
MR       .....                  (no boots)
Stlth    ++........             (no amulet)
HPRegen  0.08/turn              (no ring)
MPRegen  0.11/turn              (no ring)

@: lethally poisoned (0 -> -6), about to teleport
A: claws 1, thin metallic scales 1, blurry vision 1, high mp 1, inhibited
regeneration
a: no special abilities


You were on level 2 of the Dungeon.
You were not hungry.

You visited 1 branch of the dungeon, and saw 2 of its levels.

You collected 57 gold pieces.

Inventory:

Hand Weapons
 b - a +0 dagger (weapon)
Armour
 a - a +0 robe (worn)
 d - a +0 robe
 h - a cursed +0 robe
Scrolls
 e - a scroll of blinking {unknown}
 f - a scroll of remove curse
 g - a scroll of teleportation
 j - a scroll of identify
Potions
 i - a potion of curing {unknown}
 k - a potion of haste {unknown}
 l - a potion of mutation
 m - a potion of degeneration {unknown}
Comestibles
 c - 6 rations


   Skills:
 + Level 0.1 Short Blades
 + Level 2.0 Dodging
 + Level 2.0 Stealth
 + Level 2.0 Spellcasting
 + Level 4.6 Conjurations


You had 5 spell levels left.
You knew the following spells:

 Your Spells              Type           Power        Failure   Level  Hunger
a - Magic Dart            Conj           ###.         2%          1    #......

Your spell library contained the following spells:

 Spells                   Type           Power        Failure   Level  Hunger
 Searing Ray              Conj           ###...       3%          2    ##.....
 Dazzling Spray           Conj/Hex       ##....       17%         3    ###....
 Iskenderun's Mystic Bla  Conj           ###.....     22%         4    #####..
 Force Lance              Conj/Tloc      ##......     50%         4    #####..
 Fulminant Prism          Conj/Hex       ##........   50%         4    #####..


Dungeon Overview and Level Annotations

Branches:
Dungeon (2/15)


Innate Abilities, Weirdness & Mutations

You have an increased reservoir of magic. (+10% MP)
You have sharp fingernails.
You are partially covered in thin metallic scales. (AC +2)
Scrolls take you a little longer to read.
You do not regenerate when monsters are visible.


Message History

Your regeneration stops near monsters.
Your vision blurs.
Your fingernails lengthen.
* * * LOW HITPOINT WARNING * * *
You feel sick.
You begin reading the scroll.
You continue reading the scroll.
As you read the scroll labeled BYHUYR KUCUFYOTRE, it crumbles to dust.
It is a scroll of identify.
h - a cursed +0 robe
* * * LOW HITPOINT WARNING * * *
You feel sick.
You begin reading the scroll.
You continue reading the scroll.
As you read the scroll labeled IMMUUDD TUTSAE, it crumbles to dust.
You feel strangely unstable.
It was a scroll of teleportation.
You begin reading the scroll.
You continue reading the scroll.
* * * LOW HITPOINT WARNING * * *
You feel sick.
As you read the scroll labeled YFYMIGR BIOB YSY, it crumbles to dust.
You feel blessed for a moment.
It was a scroll of remove curse.
You begin reading the scroll.
You continue reading the scroll.
You die...

#......<.####..###.
#........# ##..##.
#........# ##...#
#........# ###.#
#........# #..
#...[....# ###
#........#
#........# ###
#.@...†..# #..
#######.####### ###
#..........# #
#..........#####
#..........†....
#.....>.....####
#..........##
#..........#
############


There were no monsters in sight!

Vanquished Creatures
  2 adders (D:2)
  A dart slug (D:1)
  2 leopard geckos (D:1)
  A bat (D:2)
  2 giant cockroaches
  A goblin (D:2)
  3 hobgoblins
  5 jackals
  8 kobolds
  2 quokkas (D:2)
  A ball python (D:2)
  3 rats
31 creatures vanquished.

Notes
Turn   | Place    | Note
-------+----------+-------------------------------------------
     0 | D:1      | Arkr0n55 the Demigod Conjurer began the quest for the Orb.
     0 | D:1      | Reached XP level 1. HP: 14/14 MP: 5/5
   224 | D:1      | Reached skill level 4 in Conjurations
   346 | D:1      | Reached XP level 2. HP: 19/20 MP: 1/7
   927 | D:2      | Reached XP level 3. HP: 24/26 MP: 0/8
  1884 | D:2      | Gained mutation: You are partially covered in thin metallic
                  | scales. (AC +2) [potion of mutation]
  1884 | D:2      | Gained mutation: You do not regenerate when monsters are
                  | visible. [potion of mutation]
  1884 | D:2      | Gained mutation: Scrolls take you a little longer to read.
                  | [potion of mutation]
  1884 | D:2      | Gained mutation: You have sharp fingernails. [potion of
                  | mutation]
  1890 | D:2      | HP: 1/26 [poisoned by an adder]
  1892 | D:2      | Succumbed to an adder's poison

Skill      XL: |  1  2  3 |
---------------+----------+-----
Conjurations   | 4 |  4.6
Dodging        | 2 |  2.0
Stealth        | 2 |  2.0
Spellcasting   | 2 |  2.0
Short Blades   | |  0.1

Action                   || total
-------------------------++-------
Melee: Dagger            ||     9
 Cast: Magic Dart        ||    73
  Use: Scroll            ||     3
       Potion            ||     1
  Eat: Chunk             ||     2
       Ration            ||     1
Armor: Robe              ||     4
Dodge: Dodged            ||    16
